 Dungeon Crawl Stone Soup version 0.28.0-53-g5a82cb258f (webtiles) character file.

Game seed: 8971148006564085218

25 nickcage the Cudgeller (level 3, -6/29 HPs)
             Began as a Formicid Abyssal Knight on May 24, 2022.
             Was a Follower of Lugonu.
             Killed from afar by Natasha (8 damage)
             ... with a magic dart
             ... on level 2 of the Dungeon.
             The game lasted 00:01:20 (861 turns).

nickcage the Cudgeller (Formicid Abyssal Knight)     Turns: 861, Time: 00:01:21

Health: -6/29      AC:  3    Str: 19    XL:     3   Next: 20%
Magic:  4/4        EV: 11    Int:  9    God:    Lugonu [*.....]
Gold:   9          SH:  0    Dex: 11    Spells: 2/2 levels left

rFire   . . .      SeeInvis +   a - +1 mace
rCold   . . .      Faith    .   (no shield)
rNeg    . . .      Spirit   .   b - +0 leather armour
rPois   .          Reflect  .   (helmet unavailable)
rElec   .          Harm     .   (no cloak)
rCorr   .          Rampage  .   (no gloves)
Will    .....                   (no boots)
Stlth   +.........              (no amulet)
HPRegen 0.09/turn               (no ring)
MPRegen 0.09/turn               (no ring)

@: no status effects
A: permanent stasis, dig shafts and tunnels, antennae 3, four strong arms
a: Dig, Shaft Self, Renounce Religion, Depart the Abyss


You were on level 2 of the Dungeon.
You worshipped Lugonu.
Lugonu was aware of your devotion.
You visited 1 branch of the dungeon, and saw 2 of its levels.
You visited the Abyss 1 time.

You collected 9 gold pieces.

Inventory:

Hand Weapons
 a - a +1 mace (weapon)
Armour
 b - a +0 leather armour (worn)
Scrolls
 d - a scroll of teleportation {unknown}
Potions
 c - 2 potions of degeneration {unknown}


   Skills:
 - Level 3.2 Fighting
 + Level 3.4 Maces & Flails
 - Level 2.1 Armour
 - Level 0.8 Dodging
 - Level 2.1 Invocations


You had 2 spell levels left.
You didn't know any spells.
Your spell library was empty.

Dungeon Overview and Level Annotations

Branches:
Dungeon (2/15)

Altars:

Annotations:
D:2 Natasha


Innate Abilities, Weirdness & Mutations

You cannot be hasted, slowed, berserked, paralysed or teleported.
You can dig through walls and to a lower floor.
You have a pair of large antennae on your head. (SInv)
Your four strong arms can wield two-handed weapons with a shield.


Message History

No target in view!
Items here: ( ) ††.
Found 26 stones.
d - a scroll labelled WATUBB WAMMIR
Found a stone staircase leading up.
No target in view!
Natasha, Servant of Life and Death comes into view.
Found a scroll labelled FOGUEFR DIFIAN.
Natasha hisses angrily.
Natasha stares at you and mumbles some strange words.
Your stasis prevents you from being slowed.
Natasha mumbles some strange words.
You hit Natasha but do no damage. Natasha claws you!
You barely miss Natasha. Natasha claws you. Natasha barely misses you.
You barely miss Natasha. Natasha claws you.
You are too injured to fight recklessly!
You are too injured to fight recklessly!
You barely miss Natasha. Natasha claws you.
The iron imp grins evilly.
You barely miss Natasha. Natasha closely misses you.
The iron imp barely misses you.
You barely miss Natasha.
The iron imp disappears in a puff of smoke!
Natasha stares at you and mumbles some strange words.
The magic dart hits you!
* * * LOW HITPOINT WARNING * * *
You hit Natasha.
Natasha is moderately wounded.
Natasha closely misses you. x2
You barely miss Natasha.
Natasha is moderately wounded.
Natasha closely misses you.
You sock Natasha!
Natasha is almost dead.
Natasha casts a spell.
You completely miss Natasha.
Natasha is almost dead.
Natasha casts a spell at you. The magic dart hits you!
You die...

# #. #### # #.####
...##.# ..... ......#
#?..# ##.#..# #...# #
......# #...# .. .....##
#...# ###..# .#...#
######...##......
[#...##.........@h...<..
.#....................##
.#....# ..........5...#
.#....# #####...##.####
......# #.......... ...
####.##
#...####.###..### .# #.#
#...### .# #....##.##
#)# #.....# ###....≈.≈..
#.#
#...#.####.≈..≈.≈..≈≈


You could see an iron imp (summoned) and Natasha.

Vanquished Creatures
  A dart slug (D:1)
  3 bats (D:1)
  4 endoplasms
  A giant cockroach (D:2)
  4 jackals (D:1)
  2 kobolds
  4 ball pythons
  A rat (D:2)
20 creatures vanquished.

Notes
Turn   | Place    | Note
-------+----------+-------------------------------------------
     0 | Abyss:1  | nickcage the Formicid Abyssal Knight began the quest for
                  | the Orb.
     0 | Abyss:1  | Reached XP level 1. HP: 18/18 MP: 2/2
     0 | D:1      | Escaped the Abyss
   496 | D:1      | Reached XP level 2. HP: 24/24 MP: 3/3
   498 | D:1      | Reached * piety under Lugonu
   633 | D:1      | You fall into a shaft and drop 1 floor!
   669 | D:2      | Reached XP level 3. HP: 24/29 MP: 4/4
   845 | D:2      | Noticed Natasha
   857 | D:2      | HP: 1/29 [Natasha/magic dart (8)]
   861 | D:2      | Killed from afar by Natasha

Illustrated notes

Levels and vault maps discovered:
D:1:      giann_wishing_wells, layout_basic
D:2:      layout_loops_cross, chequers_serial_rivers_small_3, minmay_tromino_v2,
          uniq_natasha

Skill      XL: |  1  2 |
---------------+-------+-----
Maces & Flails | 3 |  3.4
Fighting       | |  3.2
Armour         | |  2.1
Dodging        | |  0.8
Invocations    | |  2.1

Action                   || total
-------------------------++-------
Melee: Mace              ||    59
       Punch             ||     1
Invok: Depart the Abyss  ||     1
Armor: Leather armour    ||    19
Dodge: Dodged            ||    34
